 Dungeon Crawl Stone Soup version 0.28-a0-998-gb9e9c7b67e (webtiles) character file.

Game seed: 10098852504934411629

96 DrunkBamboolord the Chopper (level 4, -1/34 HPs)
             Began as a Demonspawn Gladiator on Dec 6, 2021.
             Slain by a quokka (3 damage)
             ... on level 4 of the Dungeon.
             The game lasted 00:03:31 (2654 turns).

DrunkBamboolord the Chopper (Demonspawn Gladiator)  Turns: 2654, Time: 00:03:35

Health: -1/34      AC: 10    Str: 17    XL:     4   Next: 41%
Magic:  4/4        EV: 11    Int:  9    God:
Gold:   112        SH:  0    Dex: 14    Spells: 3/3 levels left

rFire   . . .      SeeInvis .   a - +0 war axe
rCold   . . .      Faith    .   (no shield)
rNeg    . . .      Spirit   .   e - +0 ring mail
rPois   .          Reflect  .   c - +0 helmet
rElec   .          Harm     .   (no cloak)
rCorr   +          Rampage  .   (no gloves)
Will    .....                   (no boots)
Stlth   +.........              (no amulet)
HPRegen 0.11/turn               g - +4 ring of protection
MPRegen 0.09/turn               l - ring of resist corrosion

@: lethally poisoned (-1 -> -5), attractive
A: ignite blood 1, weakness stinger 1
a: no special abilities


You were on level 4 of the Dungeon.
You visited 1 branch of the dungeon, and saw 4 of its levels.

You collected 112 gold pieces.

Inventory:

Hand Weapons
 a - a +0 war axe (weapon)
Missiles
 d - 3 throwing nets (quivered)
Armour
 c - a +0 helmet (worn)
 e - a +0 ring mail (worn)
Jewellery
 g - a +4 ring of protection (left hand)
 l - a ring of resist corrosion (right hand)
Wands
 h - a wand of iceblast (9)
 k - a wand of flame (15)
Scrolls
 i - a scroll of teleportation {unknown}
 m - a scroll of enchant weapon {unknown}
Potions
 f - 3 potions of might {unknown}
 j - a potion of haste {unknown}


   Skills:
 * Level 2.5 Fighting
 * Level 4.1 Axes
 - Level 1.7 Throwing
 * Level 1.5 Armour
 - Level 2.6 Dodging


You had 3 spell levels left.
You didn't know any spells.
Your spell library contained the following spells:

 Spells                   Type           Power      Damage    Failure   Level
 Shock                    Conj/Air       0%         1d3       58%         1
 Swiftness                Air            0%         N/A       91%         3
 Airstrike                Air            0%         N/A       100%        4


Dungeon Overview and Level Annotations

Branches:
Dungeon (4/15)
 Temple: D:4-7

Altars:

Annotations:
D:4 Pikel


Innate Abilities, Weirdness & Mutations

Your demonic aura sometimes causes spilled blood to erupt in flames.
You have a small tail.


Message History

You pick up a book of Air and begin reading...
You add the spells Shock, Swiftness and Airstrike to your library.
The quokka twitches its whiskers.
The quokka bites you but does no damage.
Found a twisted glowing staff.
The quokka bites you but does no damage.
The killer bee closely misses you.
The killer bee stings you but does no damage.
The killer bee stings you.
The killer bee stings you but does no damage.
The killer bee stings you. The killer bee barely misses you.
The quokka twitches its whiskers.
The killer bee closely misses you.
The killer bee stings you but does no damage.
The killer bee misses you.
The killer bee stings you but does no damage.
The killer bee stings you but does no damage.
You barely miss the killer bee. The killer bee closely misses you.
The killer bee barely misses you.
You barely miss the killer bee.
Your tail-slap misses the killer bee.
The killer bee stings you. x2; The killer bee misses you.
The killer bee stings you but does no damage.
The killer bee barely misses you. The killer bee stings you.
The killer bee stings you. The killer bee barely misses you.
The killer bee stings you.
* * * LOW HITPOINT WARNING * * *
You are poisoned.
The killer bee poisons you! The quokka barely misses you.
You feel sick. The killer bee stings you.
* * * LOW HITPOINT WARNING * * *
It was a potion of attraction.
You feel attractive to monsters.
* * * LOW HITPOINT WARNING * * *
You feel sick.
The killer bee stings you but does no damage.
The quokka bites you.
You die...

##....####
#####.........
##.............
#.......##.....
##........[.#..#
##..........###.#
#.......##..##...
##r.....##...#....
###@y.g.gK....##....
#.<.s.##.###..#..#..
##....#####......##.
#.#..## #.......#.
......# .......#.....
............##...#..##
#....##.#.###
#..###### #.... .####
#...# # .....
#...####.#


You could see Pikel, a scorpion, a killer bee, a quokka and 2 hobgoblins.

Vanquished Creatures
  A hound (D:2)
  A worm (D:3)
  3 dart slugs
  An orc (D:3)
  7 endoplasms
  2 giant cockroaches
  4 goblins
  6 hobgoblins
  7 jackals
  A quokka (D:1)
  7 ball pythons
  6 bats
  4 kobolds
  A rat (D:1)
51 creatures vanquished.

Vanquished Creatures (others)
  2 withered plants (D:4)
2 creatures vanquished.

Grand Total: 53 creatures vanquished

Notes
Turn   | Place    | Note
-------+----------+-------------------------------------------
     0 | D:1      | DrunkBamboolord the Demonspawn Gladiator began the quest
                  | for the Orb.
     0 | D:1      | Reached XP level 1. HP: 16/16 MP: 1/1
    36 | D:1      | Reached skill level 3 in Axes
    38 | D:1      | Gained mutation: Your demonic aura sometimes causes spilled
                  | blood to erupt in flames. [demonic ancestry]
    38 | D:1      | Reached XP level 2. HP: 5/22 MP: 2/2
   756 | D:1      | Discovered your monstrous ancestry.
   756 | D:1      | Gained mutation: You have a small tail. [demonic ancestry]
   756 | D:1      | Reached XP level 3. HP: 27/27 MP: 3/3
  1134 | D:2      | Found a faded altar of an unknown god.
  1200 | D:2      | Reached skill level 1 in Armour
  1241 | D:2      | Reached XP level 4. HP: 28/34 MP: 4/4
  1760 | D:3      | Reached skill level 4 in Axes
  2623 | D:4      | Noticed Pikel
  2623 | D:4      | Noticed a lemure
  2623 | D:4      | Noticed a lemure
  2623 | D:4      | Noticed a lemure
  2629 | D:4      | Noticed a scorpion
  2654 | D:4      | Slain by a quokka

Illustrated notes

Levels and vault maps discovered:
D:1:      ncdulo_wetmaze, layout_rooms
D:2:      layout_loops_ring, basic_ecumenical_altar
D:3:      layout_loops_corners
D:4:      layout_cave_pools, kiku_gazebo_garden_becter, uniq_pikel, uniq_duvessa

Skill      XL: |  1  2  3  4 |
---------------+-------------+-----
Axes           | 3 4 |  4.1
Armour         | 1 |  1.5
Fighting       | |  2.5
Throwing       | |  1.7
Dodging        | |  2.6

Action                   |  1- 3 |  4- 6 || total
-------------------------+-------+-------++-------
Melee: War axe           |    69 |    43 ||   112
       Tailslap          |       |     2 ||     2
  Use: Scroll            |     1 |       ||     1
       Potion            |       |     1 ||     1
Armor: Leather armour    |    28 |       ||    28
       Ring mail         |       |    32 ||    32
Dodge: Dodged            |    48 |    40 ||    88

Table legend: (Time is in decaauts)
 A = Elapsed time spent in this place.
 B = Non-inter-level travel time spent in this place.
 C = Inter-level travel time spent in this place.
 D = Time resting spent in this place.
 E = Time spent auto-exploring this place.
 F = Levels seen in this place.
 G = Mean time per level.
                   A        B        C        D        E       F      G
               +--------+--------+--------+--------+--------+-----+--------+
         Total |   2691 |   2620 |     71 |      0 |   2222 |   4 |  672.8 |
       Dungeon |   2691 |   2620 |     71 |      0 |   2222 |   4 |  672.8 |
               +--------+--------+--------+--------+--------+-----+--------+

Top non-repeatable levels by time:
     D:1: 1032 daAuts
     D:3: 859 daAuts
     D:2: 676 daAuts
     D:4: 123 daAuts
